 Dungeon Crawl Stone Soup version 0.21-a0-196-g6a663c0 (webtiles) character file.

3577 wolfsongas the Cruncher (level 9, 0/68 HPs)
             Began as a Demonspawn Gladiator on Aug 15, 2017.
             Was a Priest of Okawaru.
             Succumbed to Maurice's poison
             ... on level 8 of the Dungeon.
             The game lasted 00:20:34 (7138 turns).

wolfsongas the Cruncher (Demonspawn Gladiator)      Turns: 7138, Time: 00:20:34

Health: 0/68       AC: 16    Str: 18    XL:     9   Next: 84%
Magic:  8/9        EV: 12    Int: 10    God:    Okawaru [***...]
Gold:   283        SH:  0    Dex: 14    Spells: 7/8 levels left

rFire    . . .     SeeInvis .   p - +2 quarterstaff (crush)
rCold    + . .     Gourm    .   (shield currently unavailable)
rNeg     . . .     Faith    .   w - +2 chain mail {rC+}
rPois    .         Spirit   +   t - +2 hat
rElec    .         Reflect  .   (no cloak)
rCorr    .         Harm     .   l - +0 pair of gloves
MR       .....                  (no boots)
Stlth    ..........             (no amulet)
HPRegen  0.21/turn              k - +4 ring of evasion
MPRegen  0.22/turn              (no ring)

@: lethally poisoned (0 -> -8), berserk cooldown
A: horns 1, molten scales 1, demonic guardian 1, magic shield, magic
regeneration
a: Heroism, Renounce Religion


You were on level 8 of the Dungeon.
You worshipped Okawaru.
Okawaru was most pleased with you.
You were not hungry.

You visited 1 branch of the dungeon, and saw 8 of its levels.

You collected 283 gold pieces.

Inventory:

Hand Weapons
 p - a +2 quarterstaff of crushing (weapon)
Missiles
 u - 2 throwing nets (quivered)
Armour
 l - a +0 pair of gloves (worn)
 t - a +2 hat (worn)
 w - a +2 chain mail of cold resistance (worn)
 x - a +0 plate armour
Jewellery
 k - a +4 ring of evasion (left hand)
 m - an uncursed ring of resist corrosion
Scrolls
 a - 3 scrolls of teleportation
 e - 2 scrolls of fear
 j - a scroll of magic mapping
 n - 2 scrolls of fog
 q - a scroll of identify
 r - a scroll of remove curse
 v - a scroll of enchant weapon
 y - a scroll of amnesia
Potions
 c - a potion of berserk rage
 d - 2 potions of flight
 i - a potion of magic
Comestibles
 f - 2 bread rations
 g - 4 royal jellies
 h - 12 fruits
 s - 2 meat rations


   Skills:
 + Level 5.6 Fighting
   Level 4.3(8.0) Maces & Flails
 + Level 10.4(10.8) Staves
 - Level 1.7 Throwing
 + Level 4.4 Armour
 - Level 2.6 Dodging


You had 7 spell levels left.
You knew the following spells:

 Your Spells              Type           Power        Failure   Level  Hunger
a - Apportation           Tloc           #.....       99%         1    ##.....


Dungeon Overview and Level Annotations

Branches:
Dungeon (8/15)             Temple (0/1) D:7
   Lair: D:8-11

Altars:
Fedhas
Hepliaklqana
Makhleb
Okawaru

Shops:
D:6 [

Annotations:
D:6 exclusion: oklob plant


Innate Abilities, Weirdness & Mutations

You have a pair of small horns on your head.
You are partially covered in molten scales. (AC +2)
A weak demonic guardian rushes to your aid.
When hurt, damage is shared between your health and your magic reserves.
You regenerate magic rapidly.


Message History

Your white imp gestures at Maurice.
The puff of frost hits Maurice.
Things that are here:
a giant spiked club; an ogre corpse You swap places.
* * * LOW HITPOINT WARNING * * *
You feel sick.
Your quasit bites Maurice.
Your quasit claws Maurice but does no damage.
Your quasit closely misses Maurice.
Maurice hits your white imp with a short sword of venom.
Your white imp hits Maurice but does no damage.
You hit Maurice but do no damage.
Maurice is almost dead.
* * * LOW HITPOINT WARNING * * *
You feel sick.
Your quasit bites Maurice.
Your quasit claws Maurice but does no damage.
Your quasit claws Maurice.
Maurice dies!
Okawaru is honoured by your kill.
You die...

....$....§#
.......≈.#
.........# <........
#......# #..# #.#
#####..# #.# #
#....55###†#####....
#....).@(...........
#.....####.#####....
###.## #.####..# #
#.# ##......#
########)##
##[.######
#.........###...#
#.............#.#
#.........#####.#
#........§# #.#


You could see a friendly quasit and a friendly white imp.

Vanquished Creatures
  Edmund (D:6)
  A water moccasin (D:7)
  Duvessa (D:5)
  An orc warrior (D:8)
  2 sky beasts
  A black bear (D:5)
  The ghost of polean the Charmwright, an amateur DgSk (D:4)
  3 ogres
  2 centaurs
  A crocodile (D:7)
  A big kobold (D:7)
  A gnoll sergeant (D:6)
  3 bullfrogs
  Dowan (D:5)
  2 scorpions
  2 crimson imps
  6 hounds
  3 jellies (D:6)
  3 orc priests
  3 gnoll shamans (D:6)
  An orc wizard (D:8)
  Terence (D:3)
  An iguana (D:5)
  3 worker ants
  2 hound skeletons
  A worker ant zombie (D:6)
  36 gnolls
  10 adders
  An adder zombie (D:5)
  5 worms
  2 dart slugs
  7 leopard geckos
  17 orcs
  6 bats
  5 giant cockroaches
  4 goblins
  8 hobgoblins
  18 jackals
  2 quokkas (D:7)
  A ball python (D:6)
  5 frilled lizards
  A jackal skeleton (D:5)
  9 kobolds
  A quokka skeleton (D:6)
  7 rats
193 creatures vanquished.

Vanquished Creatures (collateral kills)
  Maurice (D:8)
  Sigmund (D:2)
  A centaur (D:5)
  An ogre (D:8)
  2 hounds
  A centaur skeleton (D:4)
  An adder (D:4)
  3 gnolls
  A hobgoblin (D:2)
12 creatures vanquished.

Vanquished Creatures (others)
  9 toadstools (D:6)
9 creatures vanquished.

Grand Total: 214 creatures vanquished

Notes
Turn   | Place    | Note
-------+----------+-------------------------------------------
     0 | D:1      | wolfsongas the Demonspawn Gladiator began the quest for the Orb.
     0 | D:1      | Reached XP level 1. HP: 16/16 MP: 1/1
   378 | D:1      | Gained mutation: You are partially covered in molten scales. (AC +2) [demonic ancestry]
   378 | D:1      | Reached XP level 2. HP: 22/22 MP: 2/2
  1012 | D:2      | Gained mutation: A weak demonic guardian rushes to your aid. [demonic ancestry]
  1012 | D:2      | Reached XP level 3. HP: 23/27 MP: 3/3
  1322 | D:2      | Reached XP level 4. HP: 27/33 MP: 4/4
  1327 | D:2      | Reached skill level 1 in Staves
  1549 | D:2      | Found a burning altar of Makhleb.
  1624 | D:2      | Reached skill level 2 in Staves
  1730 | D:2      | Noticed Sigmund
  1739 | D:2      | Killed Sigmund
  1739 | D:2      | Reached skill level 4 in Staves
  1739 | D:2      | Gained mutation: You have a pair of small horns on your head. [demonic ancestry]
  1739 | D:2      | Reached XP level 5. HP: 16/38 MP: 5/5
  1739 | D:2      | Reached XP level 6. HP: 19/44 MP: 6/6
  2121 | D:3      | Found a hazy altar of Hepliaklqana.
  2177 | D:3      | Noticed Terence
  2189 | D:3      | Killed Terence
  2622 | D:4      | Noticed polean's ghost (amateur DgSk)
  2649 | D:4      | Killed polean's ghost
  2649 | D:4      | Reached skill level 5 in Staves
  3007 | D:4      | Reached XP level 7. HP: 44/50 MP: 7/7
  3212 | D:4      | Reached skill level 6 in Staves
  3743 | D:4      | Found an iron altar of Okawaru.
  3746 | D:4      | Became a worshipper of Warmaster Okawaru
  3788 | D:5      | Entered Level 5 of the Dungeon
  3917 | D:5      | Got a pitted leather armour
  3928 | D:5      | Identified the cursed +1 leather armour "Mualukh" {Dex+4} (You found it on level 5 of the Dungeon)
  4004 | D:5      | Reached skill level 7 in Staves
  4226 | D:5      | Reached * piety under Okawaru
  4311 | D:5      | Gained mutation: When hurt, damage is shared between your health and your magic reserves. [demonic ancestry]
  4311 | D:5      | Reached XP level 8. HP: 56/56 MP: 8/8
  4341 | D:5      | Noticed Duvessa
  4341 | D:5      | Noticed Dowan
  4350 | D:5      | Killed Duvessa
  4350 | D:5      | Reached skill level 8 in Staves
  4356 | D:5      | Killed Dowan
  4690 | D:6      | Reached skill level 9 in Staves
  4738 | D:6      | Noticed Edmund
  4752 | D:6      | Killed Edmund
  4752 | D:6      | Reached ** piety under Okawaru
  4752 | D:6      | Reached skill level 1 in Armour
  5027 | D:6      | Found Vader's Antique Armour Emporium.
  5163 | D:6      | Gained mutation: You regenerate magic rapidly. [demonic ancestry]
  5163 | D:6      | Reached XP level 9. HP: 64/64 MP: 9/9
  5705 | D:6      | Found a blossoming altar of Fedhas.
  5715 | D:6      | Noticed an oklob plant
  5941 | D:7      | Reached skill level 10 in Staves
  5967 | D:7      | Reached *** piety under Okawaru
  6051 | D:7      | Got a faintly glowing brass ring
  6062 | D:7      | Identified the ring "Hoiprar" {*Tele rC+++ rN+++ Str-5 Int-5} (You found it on level 7 of the Dungeon)
  6484 | D:7      | Learned a level 1 spell: Apportation
  6611 | D:7      | Found a staircase to the Ecumenical Temple.
  6641 | D:7      | Identified the Catalogue of Floating Orientation
  6975 | D:8      | Reached skill level 5 in Fighting
  7075 | D:8      | Noticed Maurice
  7135 | D:8      | HP: 3/68 [poisoned by Maurice]
  7137 | D:8      | HP: 1/68 [poisoned by Maurice]
  7137 | D:8      | Killed Maurice
  7138 | D:8      | Succumbed to Maurice's poison

Vault maps used:
D:1:      lightli_arrival_noodles
D:2:      makhleb_heckhound_becter, first_bread, kennysheep_generic_room_12,
          uniq_sigmund
D:3:      lemuel_upstairs_altar, lemuel_crystal_altar, uniq_terence
D:4:      kennysheep_mini_moat, corexii_corridor_pit
D:5:      cheibrodos_iron_armory, uniq_duvessa, uniq_crazy_yiuf_cottage
D:6:      lemuel_castle_with_subvaults, tgw_fedhas, serial_shops,
          kennysheep_mini, minmay_checkerbox, uniq_edmund
D:7:      temple_green
D:8:      lemuel_coloured_pillars_altar, serial_shops, shop_fountains,
          grunt_ogre_cave, minivault_4, fountainhead, grunt_decor_fettered,
          uniq_maurice, uniq_pikel, uniq_erica

Skill      XL: |  1  2  3  4  5  6  7  8  9 |
---------------+----------------------------+-----
Maces & Flails | 3 4 |  4.3
Staves         | 4 5 7 9 10 | 10.4
Armour         | 2 4 |  4.4
Fighting       | 3 5 |  5.6
Throwing       | |  1.7
Dodging        | |  2.6

Action                   |  1- 3 |  4- 6 |  7- 9 || total
-------------------------+-------+-------+-------++-------
Melee: Flail             |   102 |       |       ||   102
       Quarterstaff      |    12 |   122 |   455 ||   589
       Headbutt          |       |    14 |    91 ||   105
Invok: Heroism           |       |       |     3 ||     3
  Use: Scroll            |     3 |     6 |    10 ||    19
       Potion            |     2 |     1 |     3 ||     6
 Stab: Sleeping          |     1 |     1 |     6 ||     8
       Distracted        |       |       |     1 ||     1
  Eat: Chunk             |     1 |     2 |     6 ||     9
       Bread ration      |       |     1 |     2 ||     3
Armor: Leather armour    |    35 |    32 |    24 ||    91
       Chain mail        |       |    39 |   168 ||   207
Dodge: Dodged            |    81 |    69 |   252 ||   402
